 Dungeon Crawl Stone Soup version 0.30-a0-1161-g0704695555 (webtiles) character file.

Game seed: 8303776087200808272

478 ryw the Cudgeller (level 6, -3/47 HPs)
             Began as a Mummy Fighter on Apr 28, 2023.
             Slain by a bullfrog (5 damage)
             ... in a sewer.
             The game lasted 00:06:51 (3498 turns).

ryw the Cudgeller (Mummy Fighter)                   Turns: 3498, Time: 00:06:52

Health: -3/47      AC: 12    Str: 22    XL:     6   Next: 86%
Magic:  6/6        EV:  9    Int: 11    God:
Gold:   298        SH:  4    Dex: 11    Spells: 5/5 levels left

rFire   x . .        g - +5 eveningstar "Mummy's Peril" {flame, *Noise rC+ Int+4}
rCold   + + .        c - +0 buckler
rNeg    + + +        b - +0 scale mail
rPois   ∞            (no helmet)
rElec   .            (no cloak)
rCorr   .            f - +2 pair of gloves
SInv    .            q - +2 pair of boots
Will    .....        (no amulet) Stlth
                     (no ring)
HPRegen 0.27/turn    (no ring)
MPRegen 0.10/turn

%: faith
@: about to teleport
A: cold resistance 1, negative energy resistance 3, torment resistance 2, heat
vulnerability 1, in touch with death 1, no potions, faith
a: no special abilities


You were in a sewer.
You visited 1 branch of the dungeon, and saw 5 of its levels.
You also visited: Sewer.

You collected 298 gold pieces.

Inventory:

Hand Weapons
 g - the +5 eveningstar "Mummy's Peril" (weapon) {flame, *Noise rC+ Int+4}
   (You acquired it on level 2 of the Dungeon)

   Int:       It affects your intelligence (+4).
   rC:        It protects you from cold.
   *Noise:    It may make noises in combat.
Missiles
 a - 2 throwing nets
 j - 7 poisoned darts (quivered)
Armour
 b - a +0 scale mail (worn)
 c - a +0 buckler (worn)
 f - a +2 pair of gloves (worn)
 q - a +2 pair of boots (worn)
Jewellery
 e - an amulet of magic regeneration
Wands
 m - a wand of paralysis (8)
Scrolls
 d - a scroll of enchant armour
 h - 3 scrolls of blinking
 i - 3 scrolls of amnesia
 k - 3 scrolls of immolation
 l - 2 scrolls of identify
 n - 2 scrolls of poison


   Skills:
 - Level 3.0 Fighting
 * Level 6.2 Maces & Flails
 - Level 2.4 Armour
 - Level 2.4 Shields


You had 5 spell levels left.
You didn't know any spells.
Your spell library was empty.

Dungeon Overview and Level Annotations

Branches:
Dungeon (5/15)              Sewer (1/1)
 Temple: D:4-7

Altars:
Dithmenos

Shops:
D:5 ?=

Annotations:
D:4 Dowan, Duvessa


Innate Abilities, Weirdness & Mutations

You are immune to poison.
Your flesh is cold resistant. (rC+)
You are immune to negative energy. (rN+++)
You are immune to unholy pain and torment.
You are vulnerable to heat. (rF-)
You are in touch with the powers of death.
You do not drink.
You have a special connection with the divine. (Faith)


Message History

You kill the adder!
The bullfrog closely misses you. The adder bites you but does no damage.
The bullfrog hits you but does no damage.
The adder bites you. The adder barely misses you.
You block the bullfrog's attack.
You closely miss the adder.
The bullfrog hits you but does no damage.
The adder completely misses you. The adder barely misses you.
You block the adder's attack. The bullfrog closely misses you.
The bullfrog completely misses you. The adder bites you but does no damage.
You block the adder's attack. The adder bites you but does no damage.
The bullfrog barely misses you.
You miss the adder. You block the bullfrog's attack.
The adder bites you but does no damage. The bullfrog hits you.
* * * LOW HITPOINT WARNING * * *
The adder bites you.
* * * LOW HITPOINT WARNING * * *
The adder bites you but does no damage.
The bullfrog hits you but does no damage.
The bullfrog hits you.
* * * LOW HITPOINT WARNING * * *
The adder bites you but does no damage. x3
As you read the scroll labelled LAJAWO ILIELU, it crumbles to dust.
You feel aware of your surroundings.
You sensed 1 shop/portal.
It was a scroll of magic mapping.
The bullfrog hits you.
* * * LOW HITPOINT WARNING * * *
The bullfrog barely misses you. The adder closely misses you.
The adder bites you but does no damage. The adder misses you.
The bullfrog hits you.
* * * LOW HITPOINT WARNING * * *
The frilled lizard unfolds its giant frill.
As you read the scroll labelled XAPSOCLEATI, it crumbles to dust.
You feel strangely unstable.
It was a scroll of teleportation.
The bullfrog barely misses you. The adder bites you but does no damage.
The bullfrog hits you but does no damage.
The adder bites you but does no damage. x2; You block the bullfrog's attack.
The adder attacks as you move away! The adder bites you but does no damage.
The bullfrog hits you but does no damage.
The bullfrog hits you.
You die...

#..~~.###!!#
##††.~
#~≈≈~≈~#####
#†~≈~~
#~≈≈~~≈#
#≈≈~~~
#≈~~~≈≈#
#≈~~≈~
#≈~~~≈≈#
#~≈~≈≈
#≈≈~~≈≈#
#~~~≈≈
#~#~~≈≈#
##~...
#~~#≈≈≈#
#≈..!.
#S@F≈≈≈#
#≈.~~.
#†SFl≈≈#
#≈≈~~~
#~S#S≈≈#
#≈≈~≈~
#lS~≈~≈#
#≈~≈~~
#≈~~~~≈#
#~~~~~
#≈≈~~≈≈#
#~~≈≈≈
#~≈≈~~≈#
#~~~≈≈
#≈~~≈≈≈#
#≈~≈~≈
#....~.#
#...~~


You could see 2 bullfrogs, 4 adders, a ball python and 2 frilled lizards.

Vanquished Creatures
  4 hounds
  3 orc wizards
  4 gnolls (D:3)
  6 adders
  6 river rats (Sewer)
  An ufetubus (D:5)
  2 worms
  3 dart slugs
  12 orcs
  6 endoplasms
  6 giant cockroaches
  9 goblins
  9 hobgoblins
  7 kobolds
  3 quokkas
  13 ball pythons
  8 bats
  5 frilled lizards
  30 rats
137 creatures vanquished.

Vanquished Creatures (others)
  6 fungi (D:2)
  A plant (D:2)
7 creatures vanquished.

Grand Total: 144 creatures vanquished

Notes
Turn   | Place    | Note
-------+----------+-------------------------------------------
     0 | D:1      | ryw the Mummy Fighter began the quest for the Orb.
     0 | D:1      | Reached XP level 1. HP: 18/18 MP: 1/1
    80 | D:1      | Reached skill level 2 in Maces & Flails
   135 | D:1      | Reached XP level 2. HP: 24/24 MP: 2/2
   410 | D:1      | Gained mutation: You are in touch with the powers of death.
                  | [Mummy growth]
   410 | D:1      | Reached XP level 3. HP: 29/29 MP: 3/3
   490 | D:1      | Reached skill level 3 in Maces & Flails
   896 | D:2      | Found a shadowy altar of Dithmenos.
   950 | D:2      | Found a faded altar of an unknown god.
  1318 | D:2      | Reached XP level 4. HP: 33/35 MP: 4/4
  1457 | D:2      | Identified a scroll of acquirement
  1459 | D:2      | Acquired the +5 eveningstar "Mummy's Peril" {flame, *Noise
                  | rC+ Int+4}
  1493 | D:2      | Reached skill level 4 in Maces & Flails
  1574 | D:3      | Reached XP level 5. HP: 32/41 MP: 5/5
  1784 | D:3      | Identified the +2 scale mail of Gewesk {Str-3 Dex+2 Stlth+}
  2109 | D:4      | Reached skill level 5 in Maces & Flails
  2466 | D:4      | Noticed Dowan
  2474 | D:4      | Noticed Duvessa
  2494 | D:4      | HP: 2/41 [Duvessa/puff of flame (9)]
  2694 | D:5      | Entered Level 5 of the Dungeon
  2717 | D:5      | Reached XP level 6. HP: 41/47 MP: 6/6
  2879 | D:5      | Found Qium's Magic Scroll Emporium.
  2947 | D:5      | Found Mintit's Jewellery Shop.
  3059 | D:5      | Found a glowing drain.
  3063 | Sewer    | Entered a sewer
  3180 | Sewer    | Reached skill level 6 in Maces & Flails
  3496 | Sewer    | HP: 1/47 [bullfrog (4)]
  3498 | Sewer    | Slain by a bullfrog

Illustrated notes

Levels and vault maps discovered:
D:1:      heliophobic_arrival_enchanted_forest, layout_basic
D:2:      layout_loops_cross, shapermc_ecumenical_altar_acropolis, basic_altar
D:3:      layout_rooms
D:4:      cheibrodos_greedy_goblins, layout_basic, led_sif_pool,
          nicolae_tso_swordbearing_angel, overflow_temple_1_default,
          uniq_duvessa
D:5:      layout_loops_ring, mainiacjoe_overflow_alcove_2, serial_shops,
          kennysheep_little_box, shop, nicolae_shop_trees, shop,
          gup_sewer_entry_bowl, uniq_crazy_yiuf_cottage
Sewer:    sewer_minmay_w

Skill      XL: |  1  2  3  4  5  6 |
---------------+-------------------+-----
Maces & Flails | 2 3 4 5 6 |  6.2
Fighting       | |  3.0
Armour         | |  2.4
Shields        | |  2.4

Action                     |  1- 3 |  4- 6 || total
---------------------------+-------+-------++-------
  Melee: Flail             |   136 |     2 ||   138
         Eveningstar       |       |   228 ||   228
    Use: Scroll            |       |    13 ||    13
 Armour: Scale mail        |    85 |   209 ||   294
  Dodge: Dodged            |    74 |   193 ||   267
  Block: Buckler           |    34 |    78 ||   112

Table legend: (Time is in decaauts)
 A = Elapsed time spent in this place.
 B = Non-inter-level travel time spent in this place.
 C = Inter-level travel time spent in this place.
 D = Time resting spent in this place.
 E = Time spent auto-exploring this place.
 F = Levels seen in this place.
 G = Mean time per level.
                   A        B        C        D        E       F      G
               +--------+--------+--------+--------+--------+-----+--------+
         Total |   3641 |   3487 |    154 |    312 |   2251 |   6 |  606.8 |
       Dungeon |   3139 |   2985 |    154 |    240 |   2064 |   5 |  627.8 |
         Sewer |    502 |    502 |      0 |     72 |    187 |   1 |  502.0 |
               +--------+--------+--------+--------+--------+-----+--------+

Top non-repeatable levels by time:
     D:1: 841 daAuts
     D:3: 753 daAuts
     D:2: 746 daAuts
   Sewer: 502 daAuts
     D:4: 422 daAuts
     D:5: 376 daAuts
